 Dungeon Crawl Stone Soup version 0.21-a0-264-g3e31e41 (webtiles) character file.

84 sagitran the Caller (level 4, 0/31 HPs)
             Began as a Barachi Summoner on Sept 8, 2017.
             Killed by divine providence
             ... invoked by an orc priest
              (7 damage)
             ... on level 3 of the Dungeon.
             The game lasted 00:20:40 (3310 turns).

sagitran the Caller (Barachi Summoner)              Turns: 3310, Time: 00:20:40

Health: 0/31       AC:  3    Str: 10    XL:     4   Next: 46%
Magic:  8/8        EV: 13    Int: 15    God:
Gold:   135        SH:  0    Dex: 13    Spells: 2/8 levels left

rFire    . . .     SeeInvis .   n - +2 halberd (chop)
rCold    . . .     Gourm    .   (shield currently unavailable)
rNeg     . . .     Faith    .   a - +0 robe
rPois    .         Spirit   .   (no helmet)
rElec    .         Reflect  .   (no cloak)
rCorr    .         Harm     .   j - +0 pair of gloves
MR       .....                  (no boots)
Stlth    ++........             (no amulet)
HPRegen  0.10/turn              (no ring)
MPRegen  0.11/turn              (no ring)

@: slow
A: +LOS, swims, slowness 1, strong legs 1
a: Hop


You were on level 3 of the Dungeon.
You were not hungry.

You visited 1 branch of the dungeon, and saw 3 of its levels.

You collected 135 gold pieces.

Inventory:

Hand Weapons
 d - a +0 dagger
 n - a +2 halberd of chopping (weapon)
Armour
 a - a +0 robe (worn)
 j - a +0 pair of gloves (worn)
Scrolls
 g - a scroll of amnesia {unknown}
 h - a scroll of recharging {unknown}
 i - 2 scrolls of identify {unknown}
 k - a scroll of immolation {unknown}
 l - a scroll of fog {unknown}
 m - a scroll of enchant weapon {unknown}
Potions
 c - 2 potions of ambrosia {unknown}
 e - a potion of heal wounds
 f - 2 potions of lignification
 o - a potion of curing {unknown}
Books
 b - a book of Callings

   Spells                             Type                      Level
   a - Summon Small Mammal            Summoning                    1
   b - Call Imp                       Summoning                    2
   c - Call Canine Familiar           Summoning                    3
   d - Summon Guardian Golem          Hexes/Summoning              3
   e - Summon Lightning Spire         Summoning/Air                4
   f - Summon Ice Beast               Ice/Summoning                4
Comestibles
 p - a meat ration
 q - 2 fruits


   Skills:
 + Level 0.8 Fighting
 + Level 0.9 Short Blades
 + Level 0.4 Polearms
 + Level 2.8 Dodging
 + Level 2.0 Stealth
 + Level 0.7 Unarmed Combat
 + Level 2.9 Spellcasting
 + Level 5.5 Summonings


You had 2 spell levels left.
You knew the following spells:

 Your Spells              Type           Power        Failure   Level  Hunger
a - Summon Small Mammal   Summ           ###.         1%          1    #......
b - Call Imp              Summ           ###.....     3%          2    ##.....
c - Summon Guardian Gole  Hex/Summ       ##......     19%         3    ###....


Dungeon Overview and Level Annotations

Branches:
Dungeon (3/15)

Altars:
Fedhas
Zin

Annotations:
D:2 exclusion: oklob plant


Innate Abilities, Weirdness & Mutations

Shadows flee at your approach. (+LOS)
You can swim through water.
You cover ground slowly.
You can hop short distances.


Message History

An orc comes into view. It is wielding a whip.
You barely miss the orc priest.
The orc priest is lightly wounded.
The orc priest closely misses you. The orc priest barely misses you.
An adder comes into view.
You barely miss the orc priest.
The orc priest is lightly wounded.
The adder hisses angrily.
The adder bites you but does no damage. The orc priest hits you.
The adder bites you but does no damage. The adder bites you.
The orc barely misses you.
The kobold shouts!
The orc barely misses you.
The orc priest mumbles some strange prayers to Beogh against you.
Beogh smites you! The orc hits you with a mace!
* * * LOW HITPOINT WARNING * * *
There is a stone staircase leading up, spattered with blood here.
The orc priest mumbles some strange prayers to Beogh against you.
Beogh smites you!
You die...

...#
#.#.##'#######
...#
#............#
...#
#............#
...#
#........(...#
...###
#............#
......
#............#
...###
#...o........#
####
.#.##...So.......#
.....K..@oo......#
##.###....S......#
###
..............#
..#
#.###...........#
#.# #...........#
#...........#
#...........#
.........####
.........#


You could see an orc priest, 2 adders, 3 orcs and a kobold.

Vanquished Creatures
  A worker ant (D:2)
  An adder (D:2)
  A worm (D:2)
  An orc (D:2)
  5 bats
  A giant cockroach (D:2)
  3 goblins
  5 hobgoblins
  4 kobolds (D:2)
  A quokka (D:2)
  2 frilled lizards (D:2)
  3 rats (D:1)
  A fungus (D:2)
  2 plants
31 creatures vanquished.

Vanquished Creatures (collateral kills)
  A gnoll (D:1)
  A dart slug (D:1)
  3 bats (D:1)
  A hobgoblin (D:2)
  2 jackals (D:1)
  A ball python (D:1)
  2 frilled lizards (D:1)
  A goblin (D:1)
  4 kobolds (D:1)
  3 rats
19 creatures vanquished.

Grand Total: 50 creatures vanquished

Notes
Turn   | Place    | Note
-------+----------+-------------------------------------------
     0 | D:1      | sagitran the Barachi Summoner began the quest for the Orb.
     0 | D:1      | Reached XP level 1. HP: 13/13 MP: 3/3
     2 | D:1      | Noticed a vampire
     2 | D:1      | Noticed a vine stalker
     4 | D:1      | Noticed an octopode
     4 | D:1      | Noticed a centaur
     6 | D:1      | Noticed a spriggan
     6 | D:1      | Noticed a demigod
     8 | D:1      | Noticed a naga
     8 | D:1      | Noticed a troll
    10 | D:1      | Noticed an ogre
    10 | D:1      | Noticed a dwarf
    12 | D:1      | Noticed a felid
    12 | D:1      | Noticed a draconian
    14 | D:1      | Noticed an elf
    14 | D:1      | Noticed a merfolk
    16 | D:1      | Noticed a demonspawn
    16 | D:1      | Noticed a formicid
    18 | D:1      | Noticed a tengu
    20 | D:1      | Noticed a minotaur
    20 | D:1      | Noticed a human
    22 | D:1      | Noticed a ghoul
    24 | D:1      | Noticed a gargoyle
    26 | D:1      | Noticed a halfling
    94 | D:1      | Reached skill level 5 in Summonings
   522 | D:1      | Reached XP level 2. HP: 19/19 MP: 3/5
   780 | D:1      | Learned a level 2 spell: Call Imp
   989 | D:1      | You fall through a shaft!
  1066 | D:2      | Reached XP level 3. HP: 24/24 MP: 4/6
  1326 | D:2      | HP: 1/25 [poisoned by an adder]
  1694 | D:3      | Found a glowing silver altar of Zin.
  1694 | D:3      | Noticed an angel
  1748 | D:1      | Reached XP level 4. HP: 29/31 MP: 8/8
  2701 | D:2      | Found a blossoming altar of Fedhas.
  2719 | D:2      | Noticed an oklob plant
  2915 | D:2      | Learned a level 3 spell: Summon Guardian Golem
  3310 | D:3      | Killed from afar by an orc priest

Vault maps used:
D:1:      kb_arrival_jail, kennysheep_crisscross, serial_bayou_lake_a
D:2:      tgw_fedhas
D:3:      grunt_temple_overflow_order_and_chaos_1

Skill      XL: |  1  2  3  4 |
---------------+-------------+-----
Summonings     | 5 |  5.5
Stealth        | 2 |  2.0
Fighting       | |  0.8
Short Blades   | |  0.9
Polearms       | |  0.4
Dodging        | |  2.8
Unarmed Combat | |  0.7
Spellcasting   | |  2.9

Action                   |  1- 3 |  4- 6 || total
-------------------------+-------+-------++-------
Melee: Unarmed           |    69 |       ||    69
       Dagger            |    61 |     3 ||    64
       Halberd           |       |    75 ||    75
Throw: Throwing net      |       |     1 ||     1
 Cast: Summon Small Mamm |    20 |       ||    20
       Call Imp          |    10 |     5 ||    15
 Abil: Hop               |     1 |       ||     1
  Use: Potion            |     4 |       ||     4
 Stab: Sleeping          |     1 |     1 ||     2
  Eat: Chunk             |     3 |       ||     3
       Bread ration      |     1 |       ||     1
       Meat ration       |       |     1 ||     1
Armor: Robe              |    61 |     9 ||    70
       Skin              |     9 |       ||     9
Dodge: Dodged            |   171 |    36 ||   207

Table legend:
 A = Spawn XP
 B = Non-spawn XP
 C = Spawn XP percentage of total XP
 D = Spawn monster count
 E = Non-spawn monster count
 F = Spawn count percentage of total count
 G = Total turns spent on level
                    A         B        C        D         E        F      G
               +---------+---------+-------+---------+---------+-------+---------
         Total |       0 |     121 |   0.0 |       0 |      47 |   0.0 |  3310
               +---------+---------+-------+---------+---------+-------+---------
           D:1 |       0 |      38 |   0.0 |       0 |      25 |   0.0 |  1777
           D:2 |       0 |      83 |   0.0 |       0 |      22 |   0.0 |  1502
               +---------+---------+-------+---------+---------+-------+---------
